 Dungeon Crawl Stone Soup version 0.26-a0-651-gb41185065b (webtiles) character file.

Game seed: 12985881162652738095

5207 gbos the Blocker (level 10, -10/94 HPs)
             Began as a Deep Dwarf Fighter on Oct 14, 2020.
             Was a Follower of Ru.
             Mangled by a sun demon (14 damage)
             ... on level 2 of the Abyss.
             The game lasted 00:20:02 (7574 turns).

gbos the Blocker (Deep Dwarf Fighter)               Turns: 7574, Time: 00:20:03

Health: -10/94     AC: 17    Str: 22    XL:     10   Next: 35%
Magic:  5/5        EV:  9    Int:  8    God:    Ru [*.....]
Gold:   500        SH: 11    Dex: 12    Spells: 9/9 levels left

rFire    . . .     SeeInvis +   a - +0 war axe
rCold    + . .     Faith    .   c - +0 kite shield
rNeg     . . .     Spirit   .   y - +0 plate armour {rC+}
rPois    .         Reflect  .   (helmet restricted)
rElec    .         Harm     .   (no cloak)
rCorr    .         Rampage  .   G - +0 pair of gloves
MR       .....                  (no boots)
Stlth    ..........             (no amulet)
HPRegen  0.00/turn              k - ring of see invisible
MPRegen  0.09/turn              m - +4 ring of evasion

@: about to teleport, non-regenerating
A: damage resistance, heal wounds, horns 2, molten scales 1, dopey 1, high mp 1,
sense surroundings 2, evolution 1, magic vulnerability 1, no regeneration
a: Heal Wounds, Renounce Religion


You were on level 2 of the Abyss.
You worshipped Ru.
Ru was aware of your devotion.
You visited 1 branch of the dungeon, and saw 10 of its levels.
You visited the Abyss 1 time.

You collected 639 gold pieces.
You spent 139 gold pieces at shops.


Innate Abilities, Weirdness & Mutations

You are resistant to damage.
You can heal yourself by infusing magical energy.
You are dopey. (Int -2)
You passively map the area around you.
You are slightly vulnerable to magic. (MR-)
You do not regenerate.
You have a pair of horns on your head.
You are partially covered in molten scales. (AC +2)
You have an increased reservoir of magic. (+10% MP)
You evolve.


   Skills:
 + Level 7.6 Fighting
 + Level 8.7 Axes
 + Level 9.1 Armour
 + Level 9.1 Shields


You had 9 spell levels left.
You didn't know any spells.
Your spell library contained the following spells:

 Spells                   Type           Power        Failure   Level
 Passwall                 Tmut/Erth      #.......     100%        2
 Olgreb's Toxic Radiance  Pois           #.......     100%        4
 Bolt of Magma            Conj/Fire/Erth #.........   100%        5
 Shatter                  Erth           #.........   100%        9

Inventory:

Hand Weapons
 a - a +0 war axe (weapon)
 b - a +0 hunting sling
Missiles
 n - a throwing net {=f}
 o - 49 sling bullets
 s - 6 poisoned darts (quivered)
Armour
 c - a +0 kite shield (worn)
 j - a +0 helmet
 p - a +0 scale mail
 y - a +0 plate armour of cold resistance (worn)
 G - a +0 pair of gloves (worn)
Jewellery
 k - a ring of see invisible (left hand)
 l - an uncursed ring of positive energy
 m - a +4 ring of evasion (right hand)
 K - a +6 ring of strength {unknown}
Wands
 u - a wand of enslavement (5)
 x - a wand of flame (23)
 z - a wand of digging (3)
 N - a wand of random effects (9)
Scrolls
 e - 3 scrolls of teleportation {@r4}
 f - 6 scrolls of identify {@r1}
 g - 4 scrolls of fear {unknown}
 i - 2 scrolls of fog {unknown}
 v - 2 scrolls of enchant weapon {unknown}
 C - a scroll of enchant armour {unknown}
 D - a scroll of magic mapping {unknown}
 F - 3 scrolls of remove curse {unknown}
 H - 2 scrolls of holy word {unknown}
 I - a scroll of random uselessness {unknown}
 M - a scroll of blinking {unknown}
 O - a scroll of vulnerability {unknown}
Potions
 d - 2 potions of might
 h - 3 potions of ambrosia {unknown}
 q - a potion of berserk rage {!q}
 r - a potion of cancellation {unknown}
 t - 5 potions of curing {@q1}
 w - 4 potions of heal wounds {@q2}
 A - 3 potions of flight {unknown}
 B - 2 potions of degeneration {unknown}
 J - 2 potions of resistance
 L - a potion of magic {unknown}

Dungeon Overview and Level Annotations

Branches:
Dungeon (10/15)            Temple (0/1) D:6
   Lair: D:8-11         Orc: D:9-12

Altars:
Gozag
Nemelex Xobeh
Okawaru
Ru
Sif Muna
Zin

Shops:
D:4 **(*=

Annotations:
D:5 3 runed translucent doors, comborobin's ghost, weakling MiDe
D:9 Gastronok
D:10 Sonja

▒▒▒ ▒.▒▒▒▒
▒....▒▒
▒▒▒.....▒▒
.▒.. ▒g▒
▒▒▒▒.▒...3.▒
▒.......▒.▒▒
▒..▒.....▒▒▒
▒.. ▒..▒.▒
▒. .... ▒ ..
..... . ..
......▒▒ .
▒. ..▒


You could see a sun demon.


Message History

You are engulfed in flames!
* * * LOW HITPOINT WARNING * * *
The sun demon hits you but does no damage.
Unknown command.
You closely miss the sun demon. You block the sun demon's attack.
You slash the sun demon!
The sun demon is moderately wounded.
The sun demon hits you but does no damage.
You hit the sun demon but do no damage. Your headbutt misses the sun demon.
The sun demon is moderately wounded.
The sun demon barely misses you.
The sun demon hits you but does no damage.
You slash the sun demon!
You headbutt the sun demon, but do no damage.
The sun demon is moderately wounded.
The sun demon hits you!
* * * LOW HITPOINT WARNING * * *
You are engulfed in flames!
* * * LOW HITPOINT WARNING * * *
You closely miss the sun demon.
The sun demon is moderately wounded.
The sun demon hits you.
You are engulfed in flames!
* * * LOW HITPOINT WARNING * * *
The sun demon hits you!
* * * LOW HITPOINT WARNING * * *
You are engulfed in flames!!
You die...

Action                   |  1- 3 |  4- 6 |  7- 9 | 10-12 || total
-------------------------+-------+-------+-------+-------++-------
Melee: War axe           |    92 |   105 |   370 |   144 ||   711
       Headbutt          |       |    14 |    72 |    28 ||   114
 Fire: Hunting sling     |     5 |    42 |   122 |    26 ||   195
Throw: Dart              |       |       |     1 |     2 ||     3
Invok: Sacrifice Purity  |       |       |     1 |       ||     1
       Sacrifice Essence |       |       |       |     1 ||     1
 Abil: Heal Wounds       |     1 |     3 |     9 |     9 ||    22
Evoke: Wand              |       |       |       |     5 ||     5
  Use: Potion            |       |     4 |     1 |     1 ||     6
       Scroll            |       |     1 |       |     3 ||     4
 Stab: Distracted        |       |       |       |     1 ||     1
Armor: Scale mail        |    41 |    48 |    20 |       ||   109
       Plate armour      |       |       |   134 |    89 ||   223
Dodge: Dodged            |    27 |    27 |   140 |    66 ||   260
Block: Kite shield       |    62 |    54 |   243 |    82 ||   441

Levels and vault maps discovered:
D:1:      giann_forest_graveyard, layout_basic, minmay_tromino_mix6
D:2:      layout_rooms, chequers_ecumenical_altar_simple, serial_bayou_pond_d,
          uniq_natasha
D:3:      layout_basic, nemelex_xobeh_ov_fountains_minmay, uniq_ijyb,
          uniq_sigmund
D:4:      layout_basic, serial_shops, nicolae_shop_behind_doors,
          nicolae_shop_trees, shop, shop, kennysheep_mini,
          kennysheep_decorative_pillar
D:5:      layout_rooms, nicolae_gozag_seed_capital,
          nicolae_ru_great_annihilating_truth, ebering_ghost_rock_garden,
          grunt_ministairs_9, uniq_eustachio
D:6:      layout_basic, minmay_temple_entry_wispy
D:7:      layout_gridville, old_standard_altar, uniq_prince_ribbit1
D:8:      layout_cave_pools, lemuel_doored_altar, uniq_joseph
D:9:      layout_roguey, kennysheep_okawaru_gauntlet, uniq_gastronok
D:10:     minmay_the_grid_net [minmay_the_grid_pillar_ring,
          minmay_the_grid_dragon_a, minmay_the_grid_box_x,
          minmay_the_grid_embedded, minmay_the_grid_paths,
          minmay_the_grid_prize_four_corners_diamond_a], layout_irregular_city,
          uniq_sonja
Abyss:2:  base: D:4, evilmike_abyss_exit_kraken, evilmike_abyss_exit_vortex,
          hangedman_stitches_earthworm

Notes
Turn   | Place    | Note
-------+----------+-------------------------------------------
     0 | D:1      | gbos the Deep Dwarf Fighter began the quest for the Orb.
     0 | D:1      | Reached XP level 1. HP: 20/20 MP: 1/1
   133 | D:1      | Reached XP level 2. HP: 21/27 MP: 2/2
   137 | D:1      | HP: 8/27 [gnoll/cursed -2 flail (6)]
   250 | D:1      | Reached skill level 3 in Fighting
   325 | D:1      | Reached XP level 3. HP: 34/34 MP: 3/3
   983 | D:2      | Reached skill level 3 in Axes
   983 | D:2      | Reached XP level 4. HP: 26/42 MP: 4/4
   988 | D:2      | Reached skill level 4 in Armour
   988 | D:2      | Reached skill level 4 in Shields
   990 | D:2      | HP: 12/42 [gnoll/+0 flail (1)]
  1191 | D:2      | Noticed Natasha
  1197 | D:2      | Killed Natasha
  1225 | D:2      | Found a faded altar of an unknown god.
  1321 | D:2      | Noticed Natasha
  1336 | D:2      | Killed Natasha
  1336 | D:2      | Reached XP level 5. HP: 24/49 MP: 5/5
  1368 | D:2      | Noticed Natasha
  1377 | D:2      | HP: 14/49 [Natasha (6)]
  1380 | D:2      | Killed Natasha
  1426 | D:2      | Gained mutation: You evolve. [potion of mutation]
  1426 | D:2      | Gained mutation: You have a pair of small horns on your
                  | head. [potion of mutation]
  1426 | D:2      | Gained mutation: You passively map the area around you.
                  | [potion of mutation]
  1598 | D:3      | Found a sparkling altar of Nemelex Xobeh.
  1721 | D:3      | Noticed Sigmund
  1757 | D:3      | Killed Sigmund
  1757 | D:3      | Reached skill level 4 in Fighting
  1757 | D:3      | Reached skill level 4 in Axes
  1757 | D:3      | Reached XP level 6. HP: 34/57 MP: 6/6
  2004 | D:3      | Gained mutation: You have a pair of horns on your head.
                  | [evolution]
  2329 | D:3      | Noticed Ijyb
  2339 | D:3      | Killed Ijyb
  2339 | D:3      | Reached skill level 5 in Shields
  2479 | D:4      | Reached skill level 5 in Armour
  2497 | D:4      | Identified a potion of resistance
  2553 | D:4      | Found Feimuibing's Assorted Antiques.
  2556 | D:4      | Bought a fizzy yellow potion for 18 gold pieces
  2556 | D:4      | Bought a coppery potion for 18 gold pieces
  2697 | D:4      | Found Xane Oqi's General Store.
  2701 | D:4      | Reached XP level 7. HP: 42/64 MP: 0/7
  2716 | D:4      | Bought a potion of heal wounds for 70 gold pieces
  2750 | D:4      | HP: 16/66 [iguana (9)]
  2928 | D:4      | Reached skill level 5 in Axes
  2951 | D:4      | Found Ithracw's Antique Weapon Shop.
  2963 | D:4      | HP: 17/66 [phantom (3)]
  2970 | D:4      | HP: 11/66 [phantom (1)]
  3041 | D:4      | Reached skill level 6 in Armour
  3041 | D:4      | Reached skill level 6 in Shields
  3063 | D:4      | Reached skill level 5 in Fighting
  3063 | D:4      | Reached XP level 8. HP: 35/74 MP: 7/7
  3269 | D:4      | Found Gitehuf's General Store.
  3276 | D:4      | Bought a potion of curing for 33 gold pieces
  3367 | D:4      | Found Exepim's Jewellery Emporium.
  3464 | D:5      | Entered Level 5 of the Dungeon
  3485 | D:5      | Found an opulent altar of Gozag.
  3506 | D:5      | Found a runed translucent gate.
  3506 | D:5      | Found a runed translucent gate.
  3506 | D:5      | Found a runed translucent gate.
  3528 | D:5      | Noticed comborobin's ghost (weakling MiDe)
  3554 | D:5      | Noticed Eustachio
  3570 | D:5      | Killed Eustachio
  3725 | D:5      | Gained mutation: You have an increased reservoir of magic.
                  | (+10% MP) [evolution]
  3850 | D:5      | Found a sacrificial altar of Ru.
  3858 | D:5      | Reached skill level 6 in Axes
  3968 | D:5      | Became a worshipper of Ru the Awakened
  4329 | D:6      | HP: 20/76 [bullfrog (4)]
  4404 | D:6      | Found a staircase to the Ecumenical Temple.
  4617 | D:6      | Reached skill level 7 in Armour
  4617 | D:6      | Reached skill level 7 in Shields
  4766 | D:7      | Gained mutation: You are dopey. (Int -2) [Ru sacrifice]
  4814 | D:7      | Found a shimmering blue altar of Sif Muna.
  4870 | D:7      | Reached skill level 6 in Fighting
  4870 | D:7      | Mutation became permanent: You passively map a small area
                  | around you. [Deep Dwarf growth]
  4870 | D:7      | Gained mutation: You passively map the area around you.
                  | [Deep Dwarf growth]
  4870 | D:7      | Reached XP level 9. HP: 55/82 MP: 8/8
  5004 | D:7      | Noticed Prince Ribbit
  5021 | D:7      | HP: 23/82 [Prince Ribbit (5)]
  5022 | D:7      | Killed Prince Ribbit
  5022 | D:7      | Reached skill level 7 in Axes
  5739 | D:8      | Reached skill level 8 in Shields
  5747 | D:8      | Reached skill level 8 in Armour
  5750 | D:8      | HP: 24/85 [wight/+0 trident (6)]
  5840 | D:8      | HP: 21/85 [phantom (3)]
  5845 | D:8      | HP: 18/85 [phantom (3)]
  5883 | D:8      | HP: 13/85 [wyvern (5)]
  5900 | D:8      | Found a glowing silver altar of Zin.
  5913 | D:8      | Noticed Joseph
  5919 | D:8      | HP: 21/85 [Joseph/+0 quarterstaff (11)]
  5931 | D:8      | Killed Joseph
  5931 | D:8      | Reached skill level 7 in Fighting
  5931 | D:8      | Reached skill level 8 in Axes
  6056 | D:8      | Gained mutation: You are partially covered in molten
                  | scales. (AC +2) [evolution]
  6375 | D:9      | HP: 22/86 [killer bee (5)]
  6382 | D:9      | Reached XP level 10. HP: 28/94 MP: 7/7
  6499 | D:9      | Identified +0 steam dragon scales
  6522 | D:9      | Gained mutation: You are slightly vulnerable to magic.
                  | (MR-) [Ru sacrifice]
  6522 | D:9      | Reached * piety under Ru
  6627 | D:9      | HP: 22/94 [orc priest/divine providence (11)]
  6897 | D:9      | Noticed Gastronok
  7014 | D:9      | Found an iron altar of Okawaru.
  7067 | D:9      | Noticed a two-headed ogre
  7081 | D:10     | Entered Level 10 of the Dungeon
  7157 | D:10     | Reached skill level 9 in Shields
  7168 | D:10     | HP: 28/94 [hippogriff (4)]
  7169 | D:10     | Reached skill level 9 in Armour
  7268 | D:10     | Identified the Catalogue of Ashen Envenoming
  7377 | D:10     | Noticed Sonja
  7388 | D:10     | Cast into level 2 of the Abyss (Sonja)
  7388 | Abyss:2  | Found a corrupted altar of Lugonu.
  7521 | Abyss:2  | Noticed a sixfirhy
  7527 | Abyss:2  | HP: 27/94 [sixfirhy (8)]
  7533 | Abyss:2  | HP: 17/94 [sixfirhy (10)]
  7537 | Abyss:2  | Noticed a sixfirhy
  7538 | Abyss:2  | HP: 25/94 [sixfirhy (9)]
  7560 | Abyss:2  | Noticed a sun demon
  7573 | Abyss:2  | HP: 21/94 [sun demon (14)]
  7574 | Abyss:2  | HP: 4/94 [sun demon (9)]
  7574 | Abyss:2  | Mangled by a sun demon

Vanquished Creatures
  Joseph (D:8)
  Prince Ribbit (D:7)
  A hippogriff (D:10)
  Sigmund (D:3)
  A ynoxinul (Abyss:2)
  A wyvern (D:8)
  Eustachio (D:5)
  A steam dragon (D:9)
  2 water moccasins
  An orc warrior (D:7)
  3 phantoms
  3 sky beasts
  2 ogres
  3 centaurs
  A big kobold (D:9)
  3 bullfrogs
  A wyvern skeleton (D:8)
  A jelly (D:9)
  4 scorpions
  4 killer bees (D:9)
  14 wights
  A centaur zombie (D:6)
  A bullfrog zombie (D:7)
  4 hounds
  2 orc priests
  5 orc wizards
  A centaur skeleton (D:4)
  A bullfrog skeleton (D:8)
  A gnoll shaman (D:7)
  8 iguanas
  Natasha (thrice) (D:2)
  Ijyb (D:3)
  5 worker ants
  2 killer bee zombies (D:9)
  A hound zombie (D:7)
  A hound skeleton (D:4)
  2 worker ant zombies (D:10)
  8 gnolls
  6 adders
  2 shadow imps (D:9)
  4 white imps
  An ufetubus (D:7)
  An ooze (D:3)
  An adder zombie (D:5)
  3 adder skeletons
  5 dart slugs
  5 leopard geckos
  20 orcs
  7 bats
  11 giant cockroaches
  7 goblins
  8 hobgoblins
  8 jackals
  10 kobolds
  3 quokkas
  6 frilled lizards
  2 leopard gecko skeletons
  A quokka zombie (D:5)
  6 rats
214 creatures vanquished.

Vanquished Creatures (others)
  An orc wizard (D:4)
  2 plants (D:2)
3 creatures vanquished.

Grand Total: 217 creatures vanquished
